 Dungeon Crawl Stone Soup version 0.26-a0-739-gf55cbd344a (webtiles) character file.

Game seed: 17375315148537588157

863 robertstho the Magician (level 7, -5/37 HPs)
             Began as a Deep Elf Ice Elementalist on Nov 5, 2020.
             Killed by divine providence
             ... invoked by an orc priest
              (8 damage)
             ... on level 5 of the Dungeon.
             The game lasted 00:08:54 (8521 turns).

robertstho the Magician (Deep Elf Ice Elementalist) Turns: 8521, Time: 00:08:55

Health: -5/37      AC:  4    Str:  5    XL:     7   Next: 72%
Magic:  15/19      EV: 14    Int: 22    God:
Gold:   163        SH:  0    Dex: 15    Spells: 5/20 levels left

rFire    + . .     SeeInvis .   q - +1 dagger (venom)
rCold    . . .     Faith    .   (no shield)
rNeg     . . .     Spirit   .   a - +0 robe
rPois    .         Reflect  .   (no helmet)
rElec    .         Harm     .   o - +1 cloak
rCorr    .         Rampage  .   (no gloves)
MR       .....                  (no boots)
Stlth    +++.......             s - amulet of the acrobat
HPRegen  0.12/turn              u - ring of protection from cold
MPRegen  0.16/turn              h - ring of fire

@: frozen ramparts, hasted, very quick
A: no striking features
a: no special abilities


You were on level 5 of the Dungeon.
You visited 1 branch of the dungeon, and saw 5 of its levels.

You collected 163 gold pieces.

Inventory:

Hand Weapons
 m - a +2 dagger of chaos
 q - a +1 dagger of venom (weapon)
Missiles
 f - 13 poisoned darts (quivered)
Armour
 a - a +0 robe (worn)
 o - a +1 cloak (worn)
Jewellery
 h - a ring of fire (right hand)
 s - an amulet of the acrobat (around neck)
 u - a ring of protection from cold (left hand)
Scrolls
 b - a scroll of teleportation {unknown}
 c - a scroll of immolation {unknown}
 d - 2 scrolls of enchant weapon {unknown}
 e - a scroll of remove curse {unknown}
 j - a scroll of random uselessness {unknown}
 l - 2 scrolls of blinking
 r - a scroll of noise {unknown}
 t - a scroll of amnesia
Potions
 g - a potion of brilliance
 k - 3 potions of attraction
 n - a potion of magic


   Skills:
 + Level 0.7 Fighting
 + Level 2.9 Short Blades
 + Level 3.9 Dodging
 + Level 4.6 Stealth
 * Level 7.1 Spellcasting
 + Level 0.8 Summonings
 * Level 6.7 Ice Magic


You had 5 spell levels left.
You knew the following spells:

 Your Spells              Type           Power        Failure   Level
a - Freeze                Ice            ####         1%          1
b - Frozen Ramparts       Ice            #####.       1%          3
c - Ozocubu's Armour      Ice            #####...     1%          3
d - Hailstorm             Conj/Ice       ###.....     21%         4
e - Summon Ice Beast      Ice/Summ       ###.....     17%         4

Your spell library contained the following spells:

 Spells                   Type           Power        Failure   Level


Dungeon Overview and Level Annotations

Branches:
Dungeon (5/15)
 Temple: D:4-7

Altars:
Dithmenos
Fedhas
Hepliaklqana
Kikubaaqudgha
Makhleb
Nemelex Xobeh
Qazlal
Xom

Shops:
D:5 }

Annotations:
D:3 Grinder


Message History

The orc priest is heavily wounded.
The orc priest resists.
The wall freezes the orc priest.
The orc priest hits you with a +0 short sword.
* * * LOW HITPOINT WARNING * * *
Unknown command.
You closely miss the orc priest.
The orc priest is heavily wounded.
The orc priest resists.
The wall freezes the orc priest.
The orc priest misses you.
You feel yourself speed up.
The orc priest completely resists.
The wall freezes the orc priest but do no damage.
The orc priest hits you with a +0 short sword.
* * * LOW HITPOINT WARNING * * *
You hit the orc priest.
The orc priest looks even sicker.
The orc priest is severely wounded.
You hit the orc priest but do no damage.
The orc priest resists.
The wall freezes the orc priest.
The orc priest mumbles some strange prayers to Beogh against you.
Beogh smites you!
You die...

#####.#.##.#
#.......##.########
#####.......##........# ####
#.......†...##........####§§.
#............#.............§.
..........................≈§#
.............#............≈##
.....>.......o............§#
.....#......@#............≈#
...........o##......###..§§#
############.).............+
##.............≈#
#.....o.......≈#
♣###..........≈#
...........≈# ....#.......≈≈
≈≈≈...o......§


You could see 2 orc priests.

Vanquished Creatures
  2 ogres
  A water moccasin skeleton (D:4)
  A howler monkey (D:5)
  A crimson imp (D:3)
  4 orc priests
  7 orc wizards
  3 worker ants (D:5)
  5 adders
  A white imp (D:5)
  2 worms
  2 dart slugs
  3 leopard geckos
  6 orcs
  2 ball pythons (D:2)
  2 bat zombies (D:2)
  4 giant cockroaches
  9 goblins
  7 hobgoblins
  17 jackals
  9 kobolds
  A quokka (D:2)
  9 bats
  6 frilled lizards
  A jackal skeleton (D:5)
  A quokka skeleton (D:5)
  4 rats
  2 rat zombies (D:2)
112 creatures vanquished.

Vanquished Creatures (collateral kills)
  A phantom (D:5)
1 creature vanquished.

Vanquished Creatures (others)
  2 fungi (D:5)
  3 plants
5 creatures vanquished.

Grand Total: 118 creatures vanquished

Notes
Turn   | Place    | Note
-------+----------+-------------------------------------------
     0 | D:1      | robertstho the Deep Elf Ice Elementalist began the quest
                  | for the Orb.
     0 | D:1      | Reached XP level 1. HP: 10/10 MP: 6/6
   317 | D:1      | Reached XP level 2. HP: 9/15 MP: 8/8
  1637 | D:2      | Found a shadowy altar of Dithmenos.
  1641 | D:2      | Reached skill level 5 in Ice Magic
  2024 | D:2      | Reached XP level 3. HP: 12/19 MP: 10/10
  2050 | D:2      | Found an ancient bone altar of Kikubaaqudgha.
  3578 | D:2      | Found a hazy altar of Hepliaklqana.
  3851 | D:2      | Reached skill level 1 in Short Blades
  3851 | D:2      | Reached XP level 4. HP: 7/24 MP: 7/11
  4260 | D:2      | Reached skill level 4 in Spellcasting
  4765 | D:3      | Noticed Grinder
  4772 | D:3      | HP: 1/24 [Grinder (5)]
  5161 | D:2      | Learned a level 3 spell: Frozen Ramparts
  5165 | D:2      | Learned a level 3 spell: Ozocubu's Armour
  5170 | D:2      | Learned a level 4 spell: Hailstorm
  5498 | D:3      | Found a sparkling altar of Nemelex Xobeh.
  5705 | D:3      | Found a burning altar of Makhleb.
  5705 | D:3      | Found a shimmering altar of Xom.
  5711 | D:3      | Reached XP level 5. HP: 26/28 MP: 9/13
  6173 | D:4      | Noticed an ogre
  6185 | D:4      | Killed an ogre
  6185 | D:4      | Reached skill level 5 in Spellcasting
  6299 | D:4      | Reached XP level 6. HP: 11/33 MP: 15/15
  6500 | D:4      | Learned a level 4 spell: Summon Ice Beast
  7559 | D:5      | Entered Level 5 of the Dungeon
  7639 | D:5      | Reached XP level 7. HP: 15/37 MP: 13/17
  7840 | D:5      | Found Wutawidd's Gadget Shoppe.
  7871 | D:5      | Reached skill level 6 in Spellcasting
  7971 | D:5      | Found a stormy altar of Qazlal.
  7980 | D:5      | Found a blossoming altar of Fedhas.
  8438 | D:5      | Reached skill level 7 in Spellcasting
  8521 | D:5      | Killed from afar by an orc priest

Illustrated notes

Levels and vault maps discovered:
D:1:      shiori_arrival_oz, layout_basic, serial_forest,
          infiniplex_forest_clump_large, infiniplex_forest_zigzag_1,
          infiniplex_forest_corner_1, infiniplex_forest_lined_3_way,
          infiniplex_forest_clump_small, infiniplex_forest_end_2,
          infiniplex_forest_straight_1, infiniplex_forest_3_way, minivault_23
D:2:      layout_basic, grunt_dithmenos_smoke, lemuel_coloured_pillars_altar,
          lemuel_zombie_altar_kikubaaqudgha, grunt_ministairs_8
D:3:      layout_basic, grunt_temple_overflow_champion_of_chaos,
          marbit_many_paths, uniq_grinder
D:4:      layout_loops_ring
D:5:      layout_basic, grunt_temple_overflow_forces_of_nature,
          elyvilon_altar_3, lightli_temple_of_fire,
          gammafunk_temple_overflow_forgotten, serial_shops, shop,
          minmay_liquid_box

Skill      XL: |  1  2  3  4  5  6  7 |
---------------+----------------------+-----
Ice Magic      | 5 6 |  6.7
Short Blades   | 1 2 |  2.9
Spellcasting   | 4 5 7 |  7.1
Stealth        | 3 4 |  4.6
Dodging        | 3 |  3.9
Fighting       | |  0.7
Summonings     | |  0.8

Action                   |  1- 3 |  4- 6 |  7- 9 || total
-------------------------+-------+-------+-------++-------
Melee: Dagger            |   240 |   107 |    41 ||   388
Throw: Dart              |       |       |     1 ||     1
 Cast: Freeze            |    25 |    15 |       ||    40
       Frozen Ramparts   |       |    17 |     7 ||    24
       Summon Ice Beast  |       |       |     5 ||     5
  Use: Scroll            |       |     7 |     1 ||     8
       Potion            |       |     1 |     1 ||     2
 Stab: Sleeping          |     3 |     9 |       ||    12
       Distracted        |       |     2 |       ||     2
Armor: Robe              |    61 |     9 |     8 ||    78
Dodge: Dodged            |   199 |    87 |    33 ||   319

Table legend: (Time is in decaauts)
 A = Elapsed time spent in this place.
 B = Non-inter-level travel time spent in this place.
 C = Inter-level travel time spent in this place.
 D = Time resting spent in this place.
 E = Time spent auto-exploring this place.
 F = Levels seen in this place.
 G = Mean time per level.
                   A        B        C        D        E       F      G
               +--------+--------+--------+--------+--------+-----+--------+
         Total |   8498 |   8324 |    174 |   1775 |   5409 |   5 | 1699.6 |
       Dungeon |   8498 |   8324 |    174 |   1775 |   5409 |   5 | 1699.6 |
               +--------+--------+--------+--------+--------+-----+--------+

Top non-repeatable levels by time:
     D:2: 3255 daAuts
     D:1: 1636 daAuts
     D:4: 1517 daAuts
     D:3: 1134 daAuts
     D:5: 954 daAuts
